 Dungeon Crawl Stone Soup version 0.32-a0-818-gb728d0252e (webtiles) character file.

Game seed: 4708109538201395093

163002 xianbchi the Swashbuckler (level 17, 0/148 HPs)
             Began as a Grey Draconian Hunter on Mar 24, 2024.
             Was the Champion of Jiyva.
             Slain by a shock serpent (10 damage)
             ... on level 3 of the Snake Pit.
             The game lasted 01:20:57 (21286 turns).

xianbchi the Swashbuckler (Grey Draconian Hunter)  Turns: 21286, Time: 01:20:58

Health: 0/148      AC: 23    Str: 18    XL:     17   Next: 23%
Magic:  17/17      EV: 26    Int:  9    God:    Jiyva [******]
Gold:   417        SH: 25    Dex: 21    Spells: 16/16 levels left

rFire   + . .        p - +11 dagger "Jelly's Regret" {elec, Will++}
rCold   x . .        U - +2 tower shield {reflect}
rNeg    . . .        (body armour unavailable)
rPois   +            (helmet restricted)
rElec   .            V - +2 cloak {Will+}
rCorr   +            P - +1 pair of gloves
SInv    +            T - +2 pair of boots
Will    ++++.        l - amulet of regeneration
Stlth   +++++++++    d - ring of fire
HPRegen 2.84/turn    f - +5 ring of evasion
MPRegen 0.95/turn

%: reflection
@: flying, slowed, studying Ice Magic, very slow
A: mud breath, mud-swimmer, AC +14, amphibious, unfitting armour, cold-blooded,
big wings, stinger 1, large bone plates 1, camouflage 3, see invisible, poison
resistance, strong 1, acidic bite, gelatinous body 1, evolution 1, tendrils,
jelly sensing items
a: Mud Breath, Renounce Religion, Oozemancy, Slimify


You were on level 3 of the Snake Pit.
You worshipped Jiyva.
Jiyva was exalted by your worship.
You visited 6 branches of the dungeon, and saw 28 of its levels.
You also visited: Ice Cave.

You collected 1599 gold pieces.
You spent 1182 gold pieces at shops.

Inventory:

Hand Weapons
 a - the +8 frozen axe "Frostbite" {freeze, freezing cloud, *Noise Fly rC+}
   (You found it on level 10 of the Dungeon)

   rC+:       It protects you from cold.
   Fly:       It grants you flight.
   *Noise:    It may make a loud noise when swung.
 p - the +11 dagger "Jelly's Regret" (weapon) {elec, Will++}
   (You found it on level 3 of the Dungeon)

   Will++:    It greatly increases your willpower.
 O - a +3 longbow of flaming
Missiles
 q - 3 throwing nets
 s - 62 poisoned darts (quivered)
 x - 2 curare-tipped darts
 A - 14 boomerangs
 M - 9 atropa-tipped darts
Armour
 P - a +1 pair of gloves (worn)
 T - a +2 pair of boots (worn)
 U - a +2 tower shield of reflection (worn)
 V - a +2 cloak of willpower (worn)
Jewellery
 d - a ring of fire (left hand)
 f - a +5 ring of evasion (right hand)
 l - an amulet of regeneration (around neck)
 n - a ring of ice
 w - a ring of protection from cold
 G - a +6 ring of intelligence
 S - a +4 ring of protection
Talismans
 W - the serpent talisman "Ruokkaze" {*Slow rF+ MP+9}
   (You took it off Aizul on level 3 of the Snake Pit)

   [serpent talisman]

   rF+:       It protects you from fire.
   MP+9:      It affects your magic capacity (+9).
   *Slow:     It may slow you when you take damage.
Wands
 o - a wand of warping (11)
 I - a wand of polymorph (5)
 J - a wand of charming (15)
 N - a wand of quicksilver (6)
 Q - a wand of mindburst (3)
Scrolls
 b - a scroll of butterflies
 g - 2 scrolls of blinking
 h - 5 scrolls of teleportation
 j - 2 scrolls of amnesia
 m - 2 scrolls of immolation
 t - a scroll of summoning
 u - a scroll of brand weapon
 v - 2 scrolls of enchant armour
 y - a scroll of fog
 B - a scroll of poison
 H - a scroll of vulnerability
 X - a scroll of enchant weapon
Potions
 c - a potion of berserk rage
 e - 5 potions of heal wounds
 i - 3 potions of enlightenment
 k - 6 potions of brilliance
 r - 3 potions of mutation
 z - a potion of ambrosia
 C - 2 potions of lignification
 D - 5 potions of might
 E - 5 potions of curing
 F - 5 potions of haste
 K - 2 potions of resistance
 L - a potion of invisibility {unknown}
 R - a potion of magic {unknown}


   Skills:
 + Level 12.6 Fighting
 * Level 15.9 Short Blades
 - Level 9.0 Ranged Weapons
 + Level 14.6 Dodging
 + Level 13.6 Stealth
 + Level 12.5 Shields


You had 16 spell levels left.
You didn't know any spells.
Your spell library contained the following spells:

 Spells                   Type           Power      Damage    Failure   Level
 Freeze                   Ice            0%         1d3       83%         1
 Magic Dart               Conj           0%         1d3       83%         1
 Blink                    Tloc           0%         N/A       93%         2
 Call Imp                 Summ           0%         N/A       93%         2
 Lesser Beckoning         Tloc           0%         N/A       93%         2
 Searing Ray              Conj           0%         2d4       93%         2
 Frozen Ramparts          Ice            0%         1d1       99%         3
 Gell's Gravitas          Tloc           0%         N/A       99%         3
 Hailstorm                Conj/Ice       0%         3d5       99%         3
 Ozocubu's Armour         Ice            0%         N/A       99%         3
 Stone Arrow              Conj/Erth      0%         3d7       99%         3
 Teleport Other           Tloc           0%         N/A       99%         3
 Tukima's Dance           Hex            0%         N/A       99%         3
 Brom's Barrelling Bould  Conj/Erth      0%         2d3       100%        4
 Dimensional Bullseye     Hex/Tloc       0%         N/A       100%        4
 Fulminant Prism          Conj/Alch      0%         3d5       100%        4
 Iskenderun's Mystic Bla  Conj/Tloc      0%         2d3       100%        4
 Leda's Liquefaction      Alch/Erth      0%         N/A       100%        4
 Passage of Golubria      Tloc           0%         N/A       100%        4
 Summon Lightning Spire   Summ/Air       0%         N/A       100%        4
 Fireball                 Conj/Fire      0%         3d3       100%        5
 Iskenderun's Battlesphe  Conj           0%         2d6       100%        5
 Lee's Rapid Deconstruct  Erth           0%         3d4*      100%        5
 Metabolic Englaciation   Hex/Ice        0%         N/A       100%        5
 Summon Forest            Summ/Tloc      0%         N/A       100%        5
 Yara's Violent Unravell  Hex/Alch       0%         3d3       100%        5
 Conjure Ball Lightning   Conj/Air       0%         3x3d6     100%        6
 Eringya's Noxious Bog    Alch           0%         4d6       100%        6
 Permafrost Eruption      Ice/Erth       0%         2x4d2     100%        6
 Sculpt Simulacrum        Ice/Alch       0%         N/A       100%        6
 Orb of Destruction       Conj           0%         9d5       100%        7
 Ozocubu's Refrigeration  Ice            0%         4d7       100%        7
 Summon Hydra             Summ           0%         N/A       100%        7
 Lehudib's Crystal Spear  Conj/Erth      0%         10d2      100%        8
 Polar Vortex             Ice            0%         N/A       100%        9
 Animate Armour           Summ/Erth      Unusable   N/A       N/A         4

Dungeon Overview and Level Annotations

Branches:
Dungeon (15/15)            Temple (1/1) D:5            Lair (5/5) D:10
  Swamp (0/4) Lair:3        Snake (4/4) Lair:2        Slime (0/5) Lair:4
    Orc (2/2) D:12            Elf (0/3) Orc:2        Vaults (0/5) D:14
 Depths (1/4) D:15          IceCv (visited)

Altars:
Ashenzari
Cheibriados
Dithmenos
Elyvilon
Fedhas
Gozag
Hepliaklqana
Kikubaaqudgha
Makhleb
Nemelex Xobeh
Okawaru
Qazlal
Ru
Sif Muna
Trog
Uskayaw
Vehumet
Wu Jian
Xom
Yredelemnul
Zin
The Shining One
Beogh
Jiyva

Shops:
D:7 ?*   D:11 *(![*:   Orc:1 (   Orc:2 (=[*   Snake:2 :[(:   Snake:3 ([*[*

Portals:
Abyss: Depths:1
Trove: D:10 (give horn of Geryon)

Annotations:
Snake:3 Donald


Innate Abilities, Weirdness & Mutations

You can breathe torrents of mud.
You are unimpeded by mud.
Your dull iron-grey scales are very hard. (AC +14)
You are amphibious.
You cannot fit into any form of body armour.
You are cold-blooded and may be slowed by cold attacks.
Your large and strong wings let you fly.
Your tail ends in a venomous barb.
You are partially covered in large bone plates. (SH +4)
Your skin perfectly mimics your surroundings (Stealth+++).
You have supernaturally acute eyesight. (SInv)
Your system is resistant to poisons. (rPois)
Your muscles are strong. (Str +4, Int/Dex -1)
You have acidic saliva.
Your rubbery body absorbs attacks. (AC +1, EV +1)
You have hidden genetic potential.
You are covered in slimy tendrils that may disarm your opponents.
You have a small jelly attached to you that senses nearby items.


Message History

The shock serpent is almost dead.
You block Donald's attack. The shock serpent barely misses you.
You block the anaconda's attack. The anaconda constricts you.
You block the shock serpent's attack. The naga spits poison at you.
The splash of poison hits you but does no damage.
You resist.
A naga sharpshooter comes into view. It is wielding a +0 war axe.
You block the naga warrior's attack.
The anaconda's grasp on you weakens, but your attempt to escape fails.
You block the anaconda's attack. The anaconda constricts you.
Donald says, "You know that slithering noise?
I hate that."
You block Donald's attack. You block the shock serpent's attack.
The shock serpent closely misses you. You block the naga warrior's attack.
The naga closely misses you.
The anaconda bites you but does no damage.
The anaconda constricts you. Donald misses you.
The shock serpent closely misses you.
The naga warrior hits you from afar with a +0 halberd!!
You escape the anaconda's grasp.
You block the shock serpent's attack.
Donald hits you with a +0 broad axe of freezing!!
You feel yourself slow down. Donald freezes you.
You block the naga warrior's attack. The shock serpent misses you.
You block the shock serpent's attack. The naga completely misses you.
The naga mage spits poison at you.
Your +2 tower shield of reflection blocks the splash of poison... and reflects it back!
The splash of poison hits the naga mage.
The naga warrior misses you. The anaconda misses you.
You fly upwards.
You feel yourself speed up.
There is a stone staircase leading down here.
Donald hits you with a +0 broad axe of freezing!!
* * * LOW HITPOINT WARNING * * *
You feel yourself slow down. Donald freezes you!
* * * LOW HITPOINT WARNING * * *
You block the shock serpent's attack. The shock serpent bites you!
* * * LOW HITPOINT WARNING * * *
The shock serpent shocks you!
You die...
Jiyva sends a jelly to digest your remains.

##.....#..###....#..#.....#
#...<#.#....#.##.#..###.###
####.##.#....#..###.## #.#
##.(###..#....#.##.#.# ##.###
......#.>#.......#...###....#
##..#.#..##.######..........#
####.....#......#....##...##
#.......J#..##N###).......#
#..........##.S@N###..#..####
#######..###..SS@..#####.#..####
#.....####........##...........#
###.......#........#...#.....####
..#.......#........#...##....#
..##..[...###....###....######
...####)###.##...#J......#
.............##.##.......#
.........#....#..#......<#


You could see Donald (fast, strong), a naga warrior (strong, poisoned), an
anaconda, 2 shock serpents and a naga (strong, catching breath).

Vanquished Creatures
  Vashnia (Snake:3)
  A lich (Depths:1)
  Jorgrun (Orc:1)
  Aizul (Snake:3)
  2 nagarajas (Snake:2)
  A frost giant (D:15)
  An orc warlord (Orc:2)
  A very ugly thing (D:15)
  An eleionoma (Lair:3)
  Nessos (D:12)
  Josephine (D:15)
  7 hydras
  2 salamander tyrants (Snake:3)
  An ice dragon (D:10)
  A vault guard (D:14)
  4 boulder beetles
  A merfolk avatar (Lair:5)
  Fannar (D:12)
  4 centaur warriors
  A death knight (D:15)
  5 anacondas
  3 two-headed ogres
  22 death yaks
  11 naga warriors
  4 orc high priests (Orc:2)
  3 tengu warriors (D:15)
  8 shock serpents
  11 naga sharpshooters
  2 skysharks
  3 skeletal warriors (D:11)
  2 sea snakes (Lair:5)
  12 mana vipers
  4 naga ritualists
  2 salamander mystics
  2 arcanists (D:13)
  A harpy (Lair:5)
  2 lindwurms
  5 orc knights
  2 wolf spiders (Lair:4)
  3 manticores
  4 orc sorcerers
  11 cyclopes
  9 elephants
  11 salamanders
  8 ugly things
  6 meliai
  Joseph (D:7)
  21 black mambas
  A guardian serpent (Snake:1)
  11 naga magi
  A gargoyle (D:13)
  2 torpor snails
  Maggie (D:7)
  6 kobold demonologists
  12 cane toads
  11 rime drakes
  A freezing wraith (D:14)
  A tengu conjurer (D:15)
  Psyche (D:10)
  14 komodo dragons
  8 trolls
  14 blink frogs
  A hornet (shapeshifter) (D:15)
  16 polar bears
  2 hornets
  2 snapping turtles (Lair:5)
  A blink frog (shapeshifter) (D:14)
  A centaur simulacrum (D:10)
  3 shadows
  8 wraiths
  59 yaks
  An unseen horror simulacrum (D:10)
  2 water elementals (D:14)
  8 basilisks
  7 wyverns
  12 vampire mosquitoes
  3 wargs
  Menkaure (D:5)
  30 nagas
  Edmund (D:5)
  Duvessa (D:7)
  10 water moccasins
  2 ice beasts
  4 laughing skulls (D:14)
  28 orc warriors
  8 black bears
  27 wolves
  7 ogres
  13 centaurs
  4 phantoms
  7 kobold brigands
  5 bullfrogs
  A scorpion (Lair:1)
  10 wights
  A burial acolyte (D:5)
  Dowan (D:7)
  A jelly (Lair:1)
  5 killer bees
  An electric eel (D:7)
  2 howler monkeys
  A bombardier beetle (D:5)
  2 gnoll boudas
  2 hounds
  18 orc priests
  5 sleepcaps
  2 iguanas
  A scorpion zombie (D:5)
  22 orc wizards
  A hell rat (Lair:5)
  A mummy (D:5)
  Robin (D:2)
  7 adders
  6 gnolls
  2 river rats (Lair:5)
  4 white imps
  A ribbon worm (D:4)
  4 dart slugs
  91 orcs
  6 ball pythons
  2 bats
  3 giant cockroaches
  11 goblins
  9 hobgoblins
  A jackal (D:2)
  A quokka (D:5)
  3 frilled lizards (D:1)
  28 kobolds
  8 rats
835 creatures vanquished.

Vanquished Creatures (collateral kills)
  The ghost of MrSquiggles the Tortoise, an adept DsRe of Okawaru (D:15)
  A frost giant (IceCv)
  An orc sorcerer (Orc:2)
  An ice statue (IceCv)
  An orc priest (Orc:2)
  An orc wizard (Orc:2)
6 creatures vanquished.

Vanquished Creatures (others)
  2 naga magi (Snake:1)
  A kobold demonologist (D:9)
  A rime drake (IceCv)
  A naga (Snake:1)
  A black bear (Lair:2)
  A centaur (D:13)
  A kobold brigand (D:7)
  A wight (D:9)
  88 jellies
  2 hounds (D:5)
  2 orc priests (Orc:2)
  3 orc wizards (Orc:2)
  4 gnolls
  3 adders
  A white imp (D:3)
  A dart slug (D:2)
  3 endoplasms
  16 orcs
  2 goblins (D:2)
  3 hobgoblins (D:2)
  5 jackals (D:2)
  8 kobolds
  3 ball pythons (D:2)
  2 frilled lizards
  4 rats
159 creatures vanquished.

Grand Total: 1000 creatures vanquished

Notes
Turn   | Place    | Note
-------+----------+-------------------------------------------
     0 | D:1      | xianbchi the Draconian Hunter began the quest for the Orb.
     0 | D:1      | Reached XP level 1. HP: 17/17 MP: 1/1
   141 | D:1      | Reached XP level 2. HP: 24/24 MP: 2/2
   344 | D:1      | Found a faded altar of an unknown god.
   348 | D:1      | Prayed at the altar of an unknown god.
   348 | D:1      | Became a worshipper of Jiyva Jimminum the Shapeless
   348 | D:1      | Reached * piety under Jiyva
   600 | D:2      | Reached XP level 3. HP: 29/29 MP: 3/3
   601 | D:2      | Reached ** piety under Jiyva
   620 | D:2      | Noticed Robin
   736 | D:2      | Reached skill level 1 in Stealth
   837 | D:2      | Killed Robin
   838 | D:2      | Reached XP level 4. HP: 36/37 MP: 4/4
  1196 | D:3      | Found a sparkling altar of Nemelex Xobeh.
  1290 | D:3      | Reached skill level 5 in Ranged Weapons
  1369 | D:3      | Reached *** piety under Jiyva
  1420 | D:3      | Gained mutation: Your muscles are strong. (Str +4, Int/Dex
                  | -1) [Jiyva's grace]
  1420 | D:3      | Gained mutation: Your muscles are very strong. (Str +8,
                  | Int/Dex -2) [Jiyva's grace]
  1420 | D:3      | Gained mutation: Your system is resistant to poisons.
                  | (rPois) [Jiyva's grace]
  1420 | D:3      | Gained mutation: Your translucent skin slightly reduces
                  | your foes' accuracy. (Stealth+) [Jiyva's grace]
  1544 | D:3      | Identified the +11 dagger "Jelly's Regret" {elec, Will++}
  1855 | D:4      | Noticed a phantom
  1868 | D:4      | Killed a phantom
  1869 | D:4      | Reached XP level 5. HP: 44/44 MP: 5/5
  1935 | D:4      | Found a stormy altar of Qazlal.
  1936 | D:4      | Noticed a water elemental
  1941 | D:4      | Noticed a fire elemental
  1944 | D:4      | Noticed an air elemental
  2013 | D:4      | Reached XP level 6. HP: 51/51 MP: 6/6
  2053 | D:4      | Reached **** piety under Jiyva
  2212 | D:5      | Entered Level 5 of the Dungeon
  2253 | D:5      | Reached skill level 1 in Short Blades
  2455 | D:5      | Your scales start taking on a dull iron-grey colour.
  2455 | D:5      | Reached XP level 7. HP: 50/58 MP: 7/7
  2516 | D:5      | Found a staircase to the Ecumenical Temple.
  2558 | Temple   | Entered the Ecumenical Temple
  2651 | D:5      | Reached ***** piety under Jiyva
  2688 | D:5      | Found a transporter.
  2689 | D:5      | Noticed a wraith
  2694 | D:5      | Found a transporter.
  2697 | D:5      | Found a basalt altar of Yredelemnul.
  2707 | D:5      | Noticed Edmund
  2710 | D:5      | Noticed a wraith
  2713 | D:5      | Noticed Menkaure
  2718 | D:5      | Killed Edmund
  2722 | D:5      | Found an ancient bone altar of Kikubaaqudgha.
  2724 | D:5      | Reached skill level 2 in Short Blades
  2728 | D:5      | Killed Menkaure
  2731 | D:5      | Reached XP level 8. HP: 67/67 MP: 6/8
  2835 | D:5      | Lost mutation: Your translucent skin slightly reduces your
                  | foes' accuracy. (Stealth+) [Jiyva's grace]
  2835 | D:5      | Gained mutation: Your spells are a little harder to cast,
                  | but a little more powerful. [Jiyva's grace]
  2835 | D:5      | Gained mutation: Your spells are harder to cast, but more
                  | powerful. [Jiyva's grace]
  2835 | D:5      | Gained mutation: Your spells are much harder to cast, but
                  | much more powerful. [Jiyva's grace]
  2835 | D:5      | Gained mutation: Your melee attacks may engulf your foes in
                  | ooze. [Jiyva's grace]
  3015 | D:6      | Found a shimmering blue altar of Sif Muna.
  3075 | D:6      | Reached skill level 5 in Fighting
  3168 | D:6      | Identified the +0 robe "Rudafeha" {rPois rC- Str+5 Dex+3}
  3447 | D:7      | Noticed Maggie
  3450 | D:7      | Reached skill level 3 in Short Blades
  3454 | D:7      | Killed Maggie
  3464 | D:7      | Reached XP level 9. HP: 74/74 MP: 9/9
  3489 | D:7      | Found Sjippovizay's Superlative Supplies.
  3582 | D:7      | Found Telalem's Magic Scroll Emporium.
  3591 | D:7      | Bought a scroll of identify for 30 gold pieces
  3625 | D:7      | Noticed Joseph
  3631 | D:7      | Killed Joseph
  3632 | D:7      | Reached skill level 4 in Short Blades
  3697 | D:7      | Reached skill level 5 in Short Blades
  3704 | D:7      | Noticed Dowan
  3706 | D:7      | Noticed Duvessa
  3716 | D:7      | Killed Duvessa
  3721 | D:7      | Killed Dowan
  3931 | D:7      | Reached skill level 6 in Short Blades
  4497 | D:8      | Found a white marble altar of Elyvilon.
  4643 | D:8      | Reached XP level 10. HP: 84/84 MP: 10/10
  4665 | D:8      | Lost mutation: Your system is resistant to poisons. (rPois)
                  | [Jiyva's grace]
  4665 | D:8      | Lost mutation: Your muscles are very strong. (Str +8,
                  | Int/Dex -2) [Jiyva's grace]
  4665 | D:8      | Lost mutation: Your spells are much harder to cast, but
                  | much more powerful. [Jiyva's grace]
  4665 | D:8      | Lost mutation: Your melee attacks may engulf your foes in
                  | ooze. [Jiyva's grace]
  4665 | D:8      | Gained mutation: Your rubbery body absorbs attacks. (AC +1,
                  | EV +1) [Jiyva's grace]
  4665 | D:8      | Gained mutation: Your pliable body absorbs attacks. (AC +2,
                  | EV +2) [Jiyva's grace]
  4665 | D:8      | Gained mutation: Your gelatinous body deflects attacks. (AC
                  | +3, EV +3) [Jiyva's grace]
  4665 | D:8      | Gained mutation: Your body has grown eyes which may confuse
                  | attackers. (Acc +3) [Jiyva's grace]
  4889 | D:8      | Found a burning altar of Makhleb.
  4983 | D:9      | Reached skill level 7 in Short Blades
  4983 | D:9      | Reached skill level 5 in Stealth
  5089 | D:9      | Reached ****** piety under Jiyva
  5275 | D:9      | Noticed a soul eater
  5388 | D:9      | Reached skill level 5 in Dodging
  5673 | D:10     | Entered Level 10 of the Dungeon
  5825 | D:10     | Reached skill level 8 in Short Blades
  5885 | D:10     | Found an iron altar of Okawaru.
  5916 | D:10     | Lost mutation: Your spells are harder to cast, but more
                  | powerful. [Jiyva's grace]
  5916 | D:10     | Gained mutation: You are partially covered in large bone
                  | plates. (SH +4) [Jiyva's grace]
  5916 | D:10     | Gained mutation: You are mostly covered in large bone
                  | plates. (SH +6) [Jiyva's grace]
  5916 | D:10     | Gained mutation: You are completely covered in large bone
                  | plates. (SH +8) [Jiyva's grace]
  5916 | D:10     | Gained mutation: You are somewhat resistant to further
                  | mutation. [Jiyva's grace]
  6005 | D:10     | Noticed an ice dragon
  6005 | D:10     | Found the +8 frozen axe "Frostbite" {freeze, freezing
                  | cloud, *Noise Fly rC+}
  6020 | D:10     | Killed an ice dragon
  6022 | D:10     | Reached skill level 9 in Short Blades
  6154 | D:10     | Found a staircase to the Lair.
  6204 | D:10     | Found a portal to a secret trove of treasure.
  6286 | D:10     | Found a bloodstained altar of Trog.
  6286 | D:10     | Noticed Psyche
  6307 | D:10     | Killed Psyche
  6308 | D:10     | Reached XP level 11. HP: 90/92 MP: 11/11
  6396 | Lair:1   | Entered Level 1 of the Lair of Beasts
  6456 | Lair:1   | Reached skill level 1 in Shields
  6487 | Lair:1   | Reached skill level 10 in Short Blades
  6514 | Lair:1   | Noticed a death yak
  6515 | Lair:1   | Noticed a death yak
  6517 | Lair:1   | Noticed a death yak
  6517 | Lair:1   | Noticed a death yak
  6539 | Lair:1   | Killed a death yak
  6551 | Lair:1   | Killed a death yak
  6556 | Lair:1   | Killed a death yak
  6565 | Lair:1   | Killed a death yak
  6653 | Lair:1   | Reached skill level 11 in Short Blades
  6982 | Lair:1   | Reached XP level 12. HP: 103/103 MP: 12/12
  7593 | Lair:2   | Lost mutation: Your gelatinous body deflects attacks. (AC
                  | +3, EV +3) [Jiyva's grace]
  7593 | Lair:2   | Gained mutation: Your translucent skin slightly reduces
                  | your foes' accuracy. (Stealth+) [Jiyva's grace]
  7593 | Lair:2   | Gained mutation: Your translucent skin reduces your foes'
                  | accuracy. (Stealth+) [Jiyva's grace]
  7593 | Lair:2   | Gained mutation: Your transparent skin significantly
                  | reduces your foes' accuracy. (Stealth+) [Jiyva's grace]
  7593 | Lair:2   | Gained mutation: Your tail ends in a venomous barb.
                  | [Jiyva's grace]
  7630 | Lair:2   | Found a staircase to the Snake Pit.
  7920 | Lair:2   | Noticed a four-headed hydra
  7943 | Lair:2   | Killed a four-headed hydra
  7944 | Lair:2   | Reached skill level 5 in Shields
  7985 | Lair:2   | Noticed a death yak
  7985 | Lair:2   | Noticed a death yak
  7985 | Lair:2   | Noticed a death yak
  7985 | Lair:2   | Noticed a death yak
  7985 | Lair:2   | Noticed a death yak
  8001 | Lair:2   | Killed a death yak
  8001 | Lair:2   | Killed a death yak
  8007 | Lair:2   | Killed a death yak
  8007 | Lair:2   | Killed a death yak
  8008 | Lair:2   | Reached skill level 12 in Short Blades
  8013 | Lair:2   | Killed a death yak
  8069 | Lair:2   | Noticed a five-headed hydra
  8083 | Lair:2   | Killed a five-headed hydra
  8481 | Lair:3   | Noticed a death yak
  8483 | Lair:3   | Noticed a death yak
  8483 | Lair:3   | Noticed a death yak
  8483 | Lair:3   | Noticed a death yak
  8484 | Lair:3   | Noticed a death yak
  8506 | Lair:3   | Killed a death yak
  8508 | Lair:3   | Killed a death yak
  8509 | Lair:3   | Reached XP level 13. HP: 80/111 MP: 13/13
  8893 | Lair:3   | Reached skill level 10 in Dodging
  8910 | Lair:3   | Noticed an eleionoma
  8931 | Lair:3   | Killed an eleionoma
  9043 | Lair:3   | Found a staircase to the Swamp.
  9163 | Lair:3   | You fall into a shaft and drop 2 floors!
  9163 | Lair:5   | Entered Level 5 of the Lair of Beasts
  9195 | Lair:4   | Lost mutation: Your tail ends in a venomous barb. [Jiyva's
                  | grace]
  9195 | Lair:4   | Gained mutation: You are covered in slimy tendrils that may
                  | disarm your opponents. [Jiyva's grace]
  9195 | Lair:4   | Gained mutation: You passively dampen the noise of your
                  | surroundings. [Jiyva's grace]
  9195 | Lair:4   | Gained mutation: Your body has grown many eyes which may
                  | confuse attackers. (Acc +5) [Jiyva's grace]
  9195 | Lair:4   | Gained mutation: Your body is covered in eyes which may
                  | confuse attackers. (Acc +7, SInv) [Jiyva's grace]
  9376 | Lair:4   | Found a frozen archway.
  9388 | IceCv    | Entered an ice cave
  9608 | IceCv    | Reached skill level 13 in Short Blades
  9684 | IceCv    | Reached skill level 10 in Stealth
  9700 | IceCv    | Reached XP level 14. HP: 119/119 MP: 14/14
  9811 | IceCv    | Noticed a frost giant
  9828 | IceCv    | Killed a frost giant
 10094 | Lair:4   | Reached skill level 10 in Fighting
 10213 | Lair:4   | Found a viscous altar of Jiyva.
 10214 | Lair:4   | Found a staircase to the Slime Pits.
 12149 | Lair:5   | Lost mutation: You are completely covered in large bone
                  | plates. (SH +8) [Jiyva's grace]
 12149 | Lair:5   | Lost mutation: Your spells are a little harder to cast, but
                  | a little more powerful. [Jiyva's grace]
 12149 | Lair:5   | Lost mutation: Your body is covered in eyes which may
                  | confuse attackers. (Acc +7, SInv) [Jiyva's grace]
 12149 | Lair:5   | Lost mutation: Your body has grown many eyes which may
                  | confuse attackers. (Acc +5) [Jiyva's grace]
 12149 | Lair:5   | Lost mutation: Your body has grown eyes which may confuse
                  | attackers. (Acc +3) [Jiyva's grace]
 12149 | Lair:5   | Lost mutation: Your transparent skin significantly reduces
                  | your foes' accuracy. (Stealth+) [Jiyva's grace]
 12149 | Lair:5   | Lost mutation: You are covered in slimy tendrils that may
                  | disarm your opponents. [Jiyva's grace]
 12149 | Lair:5   | Gained mutation: Your transparent skin significantly
                  | reduces your foes' accuracy. (Stealth+) [Jiyva's grace]
 12149 | Lair:5   | Gained mutation: Your muscles are very strong. (Str +8,
                  | Int/Dex -2) [Jiyva's grace]
 12149 | Lair:5   | Gained mutation: You are covered in slimy tendrils that may
                  | disarm your opponents. [Jiyva's grace]
 12149 | Lair:5   | Gained mutation: Your system is resistant to poisons.
                  | (rPois) [Jiyva's grace]
 12576 | D:11     | Found Cadosch's Book Shoppe.
 12576 | D:11     | Noticed a walking divine tome
 12576 | D:11     | Noticed a walking crystal tome
 12676 | D:11     | Found Noir's Antique Armour Boutique.
 12758 | D:11     | Found Kolat's General Store.
 12761 | D:11     | Bought a potion of haste for 120 gold pieces
 12761 | D:11     | Bought a scroll of teleportation for 36 gold pieces
 13014 | D:11     | Found Boirph's Distillery.
 13020 | D:11     | Found Limegyto's Mayhem Merchandise.
 13022 | D:11     | Bought a potion of curing for 39 gold pieces
 13022 | D:11     | Bought a potion of might for 52 gold pieces
 13022 | D:11     | Bought a potion of heal wounds for 65 gold pieces
 13024 | D:11     | Found Ebrabu's Weapon Shop.
 13032 | D:11     | Bought 5 atropa-tipped darts for 58 gold pieces
 13271 | D:12     | Noticed Nessos
 13276 | D:12     | Killed Nessos
 13373 | D:12     | Reached skill level 14 in Short Blades
 13412 | D:12     | Found a staircase to the Orcish Mines.
 13770 | D:12     | Noticed Fannar
 13772 | D:12     | Killed Fannar
 14085 | Orc:1    | Entered Level 1 of the Orcish Mines
 14086 | Orc:1    | Found Buytyguh's Antique Weapon Shop.
 14088 | Orc:1    | Lost mutation: Your muscles are very strong. (Str +8,
                  | Int/Dex -2) [Jiyva's grace]
 14088 | Orc:1    | Lost mutation: You are covered in slimy tendrils that may
                  | disarm your opponents. [Jiyva's grace]
 14088 | Orc:1    | Gained mutation: You are covered in fur. (AC +1) [Jiyva's
                  | grace]
 14088 | Orc:1    | Gained mutation: You are covered in thick fur. (AC +2)
                  | [Jiyva's grace]
 14088 | Orc:1    | Gained mutation: Your thick and shaggy fur keeps you warm.
                  | (AC +3, rC+) [Jiyva's grace]
 14088 | Orc:1    | Gained mutation: You expend magic power (3 MP) to
                  | strengthen your wands. [Jiyva's grace]
 14108 | D:12     | Reached XP level 15. HP: 128/128 MP: 15/15
 14387 | Orc:2    | Entered Level 2 of the Orcish Mines
 14393 | Orc:2    | Found a roughly hewn altar of Beogh.
 14529 | Orc:2    | Found a staircase to the Elven Halls.
 14669 | Orc:1    | Noticed Jorgrun
 14686 | Orc:1    | Killed Jorgrun
 15261 | Orc:2    | Found Veodoili's Antique Armour Shoppe.
 15300 | Orc:2    | Found Daich's Antique Weapon Emporium.
 15301 | Orc:2    | Found Juerum's General Store.
 15301 | Orc:2    | Found Ustyi's Jewellery Shoppe.
 15305 | Orc:2    | Bought a +1 pair of gloves for 184 gold pieces
 15632 | Orc:2    | Found a shimmering blue altar of Sif Muna.
 15634 | Orc:2    | Identified the +5 ring mail of Birdsong {rElec Int+3}
 15878 | D:13     | Lost mutation: Your system is resistant to poisons. (rPois)
                  | [Jiyva's grace]
 15878 | D:13     | Lost mutation: You passively dampen the noise of your
                  | surroundings. [Jiyva's grace]
 15878 | D:13     | Gained mutation: Your tail ends in a venomous barb.
                  | [Jiyva's grace]
 15878 | D:13     | Gained mutation: Your tail ends in a sharp venomous barb.
                  | [Jiyva's grace]
 15878 | D:13     | Gained mutation: Your tail ends in a wickedly sharp and
                  | venomous barb. [Jiyva's grace]
 15878 | D:13     | Gained mutation: You are covered in slimy tendrils that may
                  | disarm your opponents. [Jiyva's grace]
 17107 | D:14     | Lost mutation: Your tail ends in a wickedly sharp and
                  | venomous barb. [Jiyva's grace]
 17107 | D:14     | Lost mutation: You are mostly covered in large bone plates.
                  | (SH +6) [Jiyva's grace]
 17107 | D:14     | Lost mutation: Your thick and shaggy fur keeps you warm.
                  | (AC +3, rC+) [Jiyva's grace]
 17107 | D:14     | Lost mutation: Your transparent skin significantly reduces
                  | your foes' accuracy. (Stealth+) [Jiyva's grace]
 17107 | D:14     | Lost mutation: Your translucent skin reduces your foes'
                  | accuracy. (Stealth+) [Jiyva's grace]
 17107 | D:14     | Lost mutation: You expend magic power (3 MP) to strengthen
                  | your wands. [Jiyva's grace]
 17107 | D:14     | Gained mutation: Your system is resistant to poisons.
                  | (rPois) [Jiyva's grace]
 17107 | D:14     | Gained mutation: You have a small jelly attached to you
                  | that senses nearby items. [Jiyva's grace]
 17107 | D:14     | Gained mutation: You have acidic saliva. [Jiyva's grace]
 17107 | D:14     | Lost mutation: You are somewhat resistant to further
                  | mutation. [Jiyva's grace]
 17107 | D:14     | Gained mutation: You have hidden genetic potential.
                  | [Jiyva's grace]
 17124 | D:14     | Found a gate leading to a gauntlet.
 17293 | D:14     | Found a gate to the Vaults.
 17519 | D:15     | Entered Level 15 of the Dungeon
 17631 | D:15     | Found a large runed translucent door.
 17631 | D:15     | Found a large runed translucent door.
 17726 | D:15     | Found a hide-covered altar of Uskayaw.
 17770 | D:15     | Reached skill level 10 in Shields
 18048 | D:15     | Noticed MrSquiggles's ghost (adept DsRe)
 18222 | D:15     | Killed MrSquiggles's ghost
 18452 | D:15     | Noticed Josephine
 18478 | D:15     | Killed Josephine
 18479 | D:15     | Reached XP level 16. HP: 135/136 MP: 16/16
 18506 | D:15     | Reached skill level 15 in Short Blades
 18568 | D:15     | Found a staircase to the Depths.
 18574 | Depths:1 | Entered Level 1 of the Depths
 18574 | Depths:1 | Noticed a lich
 18575 | Depths:1 | Killed a lich
 18579 | Depths:1 | Found a one-way gate to the infinite horrors of the Abyss.
 18888 | Snake:1  | Entered Level 1 of the Snake Pit
 19420 | Snake:1  | Lost mutation: Your tail ends in a sharp venomous barb.
                  | [Jiyva's grace]
 19420 | Snake:1  | Lost mutation: You are covered in thick fur. (AC +2)
                  | [Jiyva's grace]
 19420 | Snake:1  | Lost mutation: You are covered in fur. (AC +1) [Jiyva's
                  | grace]
 19420 | Snake:1  | Lost mutation: Your pliable body absorbs attacks. (AC +2,
                  | EV +2) [Jiyva's grace]
 19420 | Snake:1  | Gained mutation: You have supernaturally acute eyesight.
                  | (SInv) [Jiyva's grace]
 19420 | Snake:1  | Lost mutation: Your translucent skin slightly reduces your
                  | foes' accuracy. (Stealth+) [Jiyva's grace]
 19420 | Snake:1  | Gained mutation: Your skin changes colour to match your
                  | surroundings (Stealth+). [Jiyva's grace]
 19420 | Snake:1  | Gained mutation: Your skin blends seamlessly with your
                  | surroundings (Stealth++). [Jiyva's grace]
 19420 | Snake:1  | Gained mutation: Your skin perfectly mimics your
                  | surroundings (Stealth+++). [Jiyva's grace]
 19848 | Snake:2  | Gained mutation: Your large and strong wings let you fly.
                  | [hidden potential]
 19886 | Snake:2  | Found Liorr's Book Shoppe.
 19894 | Snake:2  | Found Ydecvenu's Antique Weapon Emporium.
 19897 | Snake:2  | Bought a masterwork long sword for 178 gold pieces
 19897 | Snake:2  | Identified the +1 long sword of the Five Friends {freeze,
                  | MP+9} (You bought it in a shop on level 2 of the Snake Pit)
 19930 | Snake:2  | Found Yrphuskow's Antique Armour Emporium.
 19935 | Snake:2  | Found Ezup's Book Emporium.
 19939 | Snake:2  | Bought a runed tower shield for 210 gold pieces
 19964 | Snake:2  | Bought an embroidered cloak for 210 gold pieces
 20281 | Snake:3  | Noticed Vashnia
 20354 | Snake:3  | Found Jeocatemp's General Store.
 20356 | Snake:3  | Found Tit Vutz's General Store.
 20356 | Snake:3  | Found Viluhi's Antique Armour Shoppe.
 20368 | Snake:3  | Found Gutierump's Armour Emporium.
 20402 | Snake:3  | Found Syxkoix's Antique Weapon Shop.
 20402 | Snake:3  | Identified the serpent talisman "Ruokkaze" {*Slow rF+ MP+9}
 20402 | Snake:3  | Noticed Aizul
 20439 | Snake:3  | Killed Aizul
 20503 | Snake:3  | Killed Vashnia
 20603 | Snake:3  | Reached XP level 17. HP: 147/148 MP: 17/17
 21192 | Snake:4  | Entered Level 4 of the Snake Pit
 21200 | Snake:4  | Noticed Donald
 21286 | Snake:3  | Slain by a shock serpent

Illustrated notes

Levels and vault maps discovered:
D:1:      saegor_arrival_simple_a, layout_rooms, shapermc_ecumenical_altar_petra
D:2:      minmay_wonky_spiral, layout_basic, kennysheep_generic_room_8,
          uniq_robin
D:3:      layout_basic, nemelex_xobeh_ov_fountains_minmay
D:4:      layout_rooms, nicolae_qazlal_style_of_elements
D:5:      layout_basic, gammafunk_temple_of_torment,
          minmay_temple_entry_overgrown, kennysheep_diamond, nrook_campfire,
          uniq_edmund
D:6:      layout_cave_pools, mainiacjoe_overflow_cross_hatched, uniq_menkaure
D:7:      minmay_clustersquares, layout_basic, serial_shops,
          nicolae_shop_getting_attention, nicolae_lava_and_water, minivault_25,
          nicolae_alphabet_shops, uniq_duvessa, uniq_maggie, uniq_joseph
D:8:      layout_basic, lemuel_crystal_altar, lightli_temple_of_fire
D:9:      layout_roguey
D:10:     minmay_coctagon, layout_irregular_city,
          mainiacjoe_overflow_six_doors_small, mainiacjoe_overflow_alcove_1,
          lair_entry_dummy, enter_trove_3, uniq_psyche
D:11:     layout_basic, serial_shops, kennysheep_mini_moat, shop, shop,
          nicolae_shop_mannequins, nicolae_shop_tiny_statue_garden,
          minmay_shop_mayhem
D:12:     layout_basic, hiddenorc2_lemuel, uniq_nessos, uniq_fannar
D:13:     layout_irregular_city
D:14:     layout_long_grid, david_vaults_5, gauntlet_entry_generic,
          serial_bayou_shore_a
D:15:     grunt_enter_depths_snipers, layout_loops_ring,
          ebering_ghost_disaster_area, nicolae_uskayaw_murder_on_the_dancefloor,
          uniq_josephine
Temple:   cyrus_circular_temple
Lair:1:   layout_cave_pods, minivault_27, grunt_megastairs_1
Lair:2:   beast_lair_carwin_large_4, layout_chaotic_city,
          alex1729_snake_entry_snake, infiniplex_staircase_pool_2,
          lemuel_fruit_fields
Lair:3:   layout_layer_cave, alex1729_swamp_entry_worm_eleionoma
Lair:4:   layout_cave_pods, slime_entry_1, portal_ice_cave_entry_pillars_1,
          nicolae_lair_run_with_the_wolves, grunt_megastairs_4
Lair:5:   gammafunk_lair_ancient_temple, layout_cave_pods,
          kennysheep_abandoned_house
Snake:1:  layout_misc_corridors, serial_bayou_shore_b, grunt_megastairs_3,
          lemuel_fruit_tree
Snake:2:  layout_rooms, serial_shops, nicolae_shop_peninsula, shop,
          nicolae_shop_real_fake_doors, nicolae_shop_tiny_waterfront
Snake:3:  layout_honeycomb, serial_shops, shop, minmay_shoptagon, uniq_aizul,
          uniq_vashnia
Snake:4:  minmay_snake_end_coiled, layout_misc_corridors, basic_altar,
          special_room, serial_shops, nicolae_shop_trees,
          nicolae_shop_back_alley_shop, nicolae_lakefront_shop,
          nicolae_shop_tiny_statue_garden, nicolae_shop_gaudy_bauble,
          uniq_donald
Orc:1:    layout_caves, serial_shops, shop, uniq_jorgrun
Orc:2:    st_orc_congregation, layout_caves, basic_altar,
          kennysheep_orc_sif_temple
Depths:1: layout_honeycomb, nicolae_abyss_entry_one_way_or_another,
          pf_hell_entry_tar_river, kennysheep_nub,
          serial_library_hellmonk_statue_hall, zin_statuary

Skill      XL: |  1  2  3  4  5  6  7  8  9 10 11 12 13 14 15 16 17 |
---------------+----------------------------------------------------+-----
Ranged Weapons | 4 5 6 7 8 9 |  9.0
Stealth        | 1 2 3 4 5 6 8 10 11 12 13 | 13.6
Fighting       | 3 4 5 6 7 8 9 10 11 12 | 12.6
Dodging        | 2 3 4 6 7 9 10 11 13 14 | 14.6
Short Blades   | 1 2 3 6 9 11 12 13 14 15 | 15.9
Shields        | 3 6 7 8 10 11 12 | 12.5

Action                     |  1- 3 |  4- 6 |  7- 9 | 10-12 | 13-15 | 16-18 || total
---------------------------+-------+-------+-------+-------+-------+-------++-------
  Melee: Tailslap          |     1 |     3 |    23 |   117 |   365 |   133 ||   642
         Spear             |     1 |       |       |       |       |       ||     1
         Dagger            |       |    45 |   209 |   542 |  1651 |   646 ||  3093
         Bite              |       |       |       |       |    25 |   113 ||   138
   Fire: Shortbow          |   126 |   126 |    25 |       |       |       ||   277
  Throw: Dart              |       |       |       |       |     2 |       ||     2
 Invoke: Oozemancy         |       |       |     1 |     4 |     3 |     4 ||    12
Ability: Mud Breath        |       |       |     2 |     1 |     1 |     1 ||     5
    Use: Scroll            |       |       |     6 |     8 |     9 |     1 ||    24
         Potion            |       |       |       |       |     2 |       ||     2
   Stab: Sleeping          |       |     1 |     5 |     7 |    42 |    13 ||    68
         Confused          |       |       |       |    10 |    39 |       ||    49
         Distracted        |       |       |       |     1 |     6 |     1 ||     8
 Armour: Skin              |    27 |    33 |    83 |   153 |   281 |   300 ||   877
  Dodge: Dodged            |    45 |    79 |   169 |   436 |  1417 |   435 ||  2581
  Block: Other             |       |       |       |   119 |   369 |    29 ||   517
         Tower shield      |       |       |       |       |       |   681 ||   681
         Reflection        |       |       |       |       |       |    91 ||    91

Table legend: (Time is in decaauts)
 A = Elapsed time spent in this place.
 B = Non-inter-level travel time spent in this place.
 C = Inter-level travel time spent in this place.
 D = Time resting spent in this place.
 E = Time spent auto-exploring this place.
 F = Levels seen in this place.
 G = Mean time per level.
                   A        B        C        D        E       F      G
               +--------+--------+--------+--------+--------+-----+--------+
         Total |  19976 |  18879 |   1097 |     76 |  11583 |  29 |  688.8 |
       Dungeon |  10598 |   9890 |    708 |      0 |   6460 |  15 |  706.5 |
        Temple |     35 |     35 |      0 |      0 |      0 |   1 |   35.0 |
          Lair |   5133 |   4882 |    251 |      0 |   3260 |   5 | 1026.6 |
     Snake Pit |   2184 |   2073 |    111 |     76 |    852 |   4 |  546.0 |
  Orcish Mines |   1511 |   1485 |     26 |      0 |    826 |   2 |  755.5 |
        Depths |     15 |     15 |      0 |      0 |      0 |   1 |   15.0 |
      Ice Cave |    497 |    497 |      0 |      0 |    185 |   1 |  497.0 |
               +--------+--------+--------+--------+--------+-----+--------+

Top non-repeatable levels by time:
    D:15: 1105 daAuts
  Lair:3: 1103 daAuts
  Lair:1: 1103 daAuts
  Lair:4: 1082 daAuts
  Lair:5: 950 daAuts
   Orc:2: 931 daAuts
     D:8: 909 daAuts
  Lair:2: 893 daAuts
 Snake:3: 861 daAuts
    D:12: 838 daAuts
    D:14: 825 daAuts
    D:13: 765 daAuts
    D:10: 761 daAuts
     D:5: 744 daAuts
     D:2: 734 daAuts
